 Dungeon Crawl Stone Soup version 0.25.1-2-g60ff931df9 (webtiles) character file.

Game seed: 10328876652779166804

398728 Morbidden the Brawler (level 22, -5/192 (193) HPs)
             Began as a Black Draconian Transmuter on Aug 8, 2020.
             Was the Champion of Cheibriados.
             Slain by a vampire knight
             ... wielding a +0 battleaxe
              (17 damage)
             ... on level 1 of the Crypt.
             The game lasted 02:17:43 (60432 turns).

Morbidden the Brawler (Black Draconian Transmuter) Turns: 60432, Time: 02:17:44

HP:   -5/192 (193)  AC: 27    Str: 32    XL:     22   Next: 23%
MP:   0/51          EV: 34    Int: 39    God:    Cheibriados [******]
Gold: 4838          SH:  0    Dex: 27    Spells: 11/51 levels left

rFire    + . .     SeeInvis .     - Unarmed
rCold    + + .     Gourm    .   (no shield)
rNeg     + + +     Faith    .   (armour unavailable)
rPois    ∞         Spirit   +   I - +3 hat of Pondering {ponderous, MR+ MP+10 Int+5}
rElec    +         Reflect  .   p - scarf {rC+ rF+}
rCorr    .         Harm     .   e - +3 pair of gauntlets of War {Slay+5}
MR       +++..                  g - +2 pair of boots
Stlth    ++++......             H - amulet of guardian spirit
HPRegen  0.42/turn              z - +4 ring of evasion
MPRegen  0.32/turn              M - +4 ring of slaying

@: lich-form, flying, lightly drained, very slow
A: (breathe lightning), unfitting armour, big wings, deterioration 1,
electricity resistance, cold-blooded, AC +11
}: 2/15 runes: decaying, serpentine
a: Stop Flying, End Transformation, Bend Time, Temporal Distortion, Slouch, Step
From Time, Renounce Religion


You were on level 1 of the Crypt.
You worshipped Cheibriados.
Cheibriados was exalted by your worship.
You were not hungry.
You were a lich.
You visited 8 branches of the dungeon, and saw 40 of its levels.
You visited the Abyss 1 time.
You also visited: Trove and Ossuary.

You collected 7800 gold pieces.
You spent 2962 gold pieces at shops.

Inventory:

Missiles
 a - 999 arrows
 B - 3 throwing nets
 C - 44 boomerangs (quivered)
 U - 7 silver javelins
Armour
 d - a +2 tower shield of protection
 e - the +3 pair of gauntlets of War (worn) {Slay+5}
   (You bought it in a shop on level 3 of the Vaults)

   It affects your accuracy and damage with ranged weapons and melee attacks
   (+5).
 g - a +2 pair of boots (worn)
 p - a scarf of resistance (worn)
 x - a +2 cloak
 I - the +3 hat of Pondering (worn) {ponderous, MR+ MP+10 Int+5}
   (You found it on level 10 of the Dungeon)

   It affects your intelligence (+5).
   It affects your resistance to hostile enchantments.
   It affects your magic capacity (+10).
Jewellery
 w - an uncursed ring of see invisible
 z - a +4 ring of evasion (left hand)
 H - an amulet of guardian spirit (around neck)
 M - a +4 ring of slaying (right hand)
Wands
 q - a wand of flame (39)
 s - a wand of enslavement (5)
 v - a wand of iceblast (21)
 y - a wand of digging (5)
Scrolls
 b - 7 scrolls of identify
 l - a scroll of brand weapon
 o - 17 scrolls of remove curse
 t - 9 scrolls of magic mapping
 u - 12 scrolls of amnesia
 F - a scroll of fear
 G - 7 scrolls of enchant armour
 Q - a scroll of teleportation
Potions
 f - 7 potions of cancellation
 h - 7 potions of brilliance
 i - 13 potions of curing
 j - 11 potions of stabbing
 m - 8 potions of might
 n - 2 potions of lignification
 A - 7 potions of mutation
 D - a potion of ambrosia
 E - a potion of heal wounds
 X - 7 potions of resistance
Miscellaneous
 k - a phial of floods (inert)
 r - a box of beasts
 N - a lightning rod (4/4)
 P - a tin of tremorstones (3/3)
Comestibles
 c - 45 rations


   Skills:
 * Level 15.5(15.1) Fighting
 + Level 3.1(2.9) Throwing
 * Level 16.1(15.7) Dodging
 + Level 7.0(6.7) Stealth
 + Level 16.5(16.1) Unarmed Combat
 * Level 15.0(14.7) Spellcasting
 + Level 0.6(0.3) Charms
 * Level 6.8(6.5) Necromancy
 * Level 15.5(15.1) Transmutations
 + Level 1.0(0.7) Ice Magic
 * Level 10.5(10.2) Air Magic
 + Level 7.9(7.6) Earth Magic
 - Level 3.0(2.7) Poison Magic
 - Level 13.0(12.6) Invocations
 + Level 2.6(2.3) Evocations


You had 11 spell levels left.
You knew the following spells:

 Your Spells              Type           Power        Failure   Level  Hunger
a - Statue Form           Tmut/Erth      #######..    1%          6    N/A
b - Sticks to Snakes      Tmut           #######.     0%          2    N/A
c - Spider Form           Tmut/Pois      #######...   1%          3    N/A
d - Dragon Form           Tmut           #######...   1%          7    N/A
e - Ice Form              Ice/Tmut       ######..     1%          4    N/A
f - Infusion              Chrm           ####         1%          1    N/A
g - Blade Hands           Tmut           #######...   1%          5    N/A
h - Necromutation         Tmut/Necr      ########..   65%         8    N/A
z - Airstrike             Air            #######...   1%          4    N/A

Your spell library contained the following spells:

 Spells                   Type           Power        Failure   Level  Hunger
 Beastly Appendage        Tmut           ######       0%          1    N/A
 Passwall                 Tmut/Erth      #######.     0%          2    N/A
 Animate Skeleton         Necr           N/A          1%          1    N/A
 Foxfire                  Conj/Fire      ####         1%          1    N/A
 Magic Dart               Conj           ####         1%          1    N/A
 Pain                     Necr           ####         1%          1    N/A
 Shock                    Conj/Air       ####         1%          1    N/A
 Sting                    Tmut/Pois      ####         1%          1    N/A
 Blink                    Tloc           N/A          1%          2    N/A
 Call Imp                 Summ           ####....     1%          2    N/A
 Corpse Rot               Necr/Air       N/A          1%          2    N/A
 Ensorcelled Hibernation  Hex/Ice        ####..       1%          2    N/A
 Poisonous Vapours        Pois/Air       ######       1%          2    N/A
 Searing Ray              Conj           ####..       1%          2    N/A
 Shroud of Golubria       Chrm/Tloc      ####..       1%          2    N/A
 Slow                     Hex            ####....     1%          2    N/A
 Sublimation of Blood     Necr           #######...   1%          2    N/A
 Swiftness                Chrm/Air       ######..     1%          2    N/A
 Ignite Poison            Fire/Tmut/Pois ######..     1%          3    N/A
 Mephitic Cloud           Conj/Pois/Air  ######..     1%          3    N/A
 Static Discharge         Conj/Air       ######..     1%          3    N/A
 Vampiric Draining        Necr           #######...   1%          3    N/A
 Petrify                  Tmut/Erth      #######.     1%          4    N/A
 Borgnjor's Vile Clutch   Necr/Erth      #######...   1%          5    N/A
 Ozocubu's Armour         Chrm/Ice       ####....     2%          3    N/A
 Leda's Liquefaction      Hex/Erth       ######....   2%          4    N/A
 Agony                    Necr           #######.     2%          5    N/A
 Conjure Flame            Conj/Fire      ####....     3%          3    N/A
 Dazzling Flash           Conj/Hex       ####..       3%          3    N/A
 Gell's Gravitas          Tloc           ####......   3%          3    N/A
 Inner Flame              Hex/Fire       ####....     3%          3    N/A
 Olgreb's Toxic Radiance  Pois           ######..     3%          4    N/A
 Lightning Bolt           Conj/Air       ######....   4%          5    N/A
 Silence                  Hex/Air        ######....   4%          5    N/A
 Excruciating Wounds      Chrm/Necr      ######....   8%          5    N/A
 Summon Ice Beast         Ice/Summ       ####....     10%         4    N/A
 Cause Fear               Hex            ####......   12%         4    N/A
 Fulminant Prism          Conj/Hex       ####......   12%         4    N/A
 Iskenderun's Mystic Bla  Conj/Tloc      ####....     12%         4    N/A
 Sticky Flame             Conj/Fire      ####....     12%         4    N/A
 Bolt of Magma            Conj/Fire/Erth #####.....   12%         5    N/A
 Iskenderun's Battlesphe  Conj/Chrm      ####....     30%         5    N/A
 Fireball                 Conj/Fire      ####......   32%         5    N/A
 Iron Shot                Conj/Erth      ######....   36%         6    N/A
 Simulacrum               Ice/Necr       ######....   36%         6    N/A
 Darkness                 Hex            ####......   87%         6    N/A
 Shadow Creatures         Summ           N/A          87%         6    N/A
 Malign Gateway           Summ/Tloc      ####......   100%        7    N/A
 Monstrous Menagerie      Summ           ####......   100%        7    N/A
 Orb of Destruction       Conj           ####......   100%        7    N/A
 Ring of Flames           Chrm/Fire      ####......   100%        7    N/A
 Spellforged Servitor     Conj/Summ      ####......   100%        7    N/A
 Summon Greater Demon     Summ           ####......   100%        7    N/A
 Summon Horrible Things   Summ           ####......   100%        8    N/A
 Dragon's Call            Summ           ####......   100%        9    N/A
 Shatter                  Erth           ######....   100%        9    N/A

Dungeon Overview and Level Annotations

Branches:
Dungeon (15/15)            Temple (0/1) D:6            Lair (6/6) D:10
  Swamp (4/4) Lair:3        Snake (4/4) Lair:2          Orc (2/2) D:12
    Elf (3/3) Orc:2        Vaults (4/5) D:14          Crypt (2/3) Vaults:3
 Depths (0/5) D:15        Ossuary (visited)
  Slime: Lair:5-6

Altars:
Cheibriados
Dithmenos
Elyvilon
Gozag
Kikubaaqudgha
Makhleb
Qazlal
Ru
Sif Muna
Trog
Uskayaw
Vehumet
Xom
Yredelemnul
Zin
The Shining One
Beogh

Shops:
D:6 *(   D:10 =   D:13 :   D:15 :}*%   Orc:2 !::!   Elf:1 %   Elf:2 [   Elf:3 %
Snake:2 [[   Vaults:3 =[(

Annotations:
D:4 1 runed translucent door, Crazy Yiuf
D:6 exclusion: gargoyle
Lair:6 exclusion: oklob plant
Swamp:2 Jorgrun
Elf:2 3 runed translucent doors
Crypt:1 3 runed translucent doors, Oppueck's ghost, veteran MiGl
Crypt:2 Saint Roka


Innate Abilities, Weirdness & Mutations

((You can breathe wild blasts of lightning.))
Your glossy black scales are hard. (AC +11)
You cannot fit into any form of body armour.
Your large and strong wings let you fly indefinitely.
You are resistant to electric shocks. (rElec)
You are cold-blooded and may be slowed by cold attacks.
Your body sometimes deteriorates upon taking damage.


Message History

As you read the scroll of summoning, it crumbles to dust.
Wisps of shadow whirl around you... The flying skull misses you.
The spectral wolf spider closely misses your wight.
The spectral wolf spider bites your wight!
Something misses you. Something hits your wight!!
Your wight is destroyed!
Something closely misses you. The flayed ghost completely misses you.
Something closely misses you. Something misses you.
Unknown command.
Unknown command.
Unknown command.
Unknown command.
Unknown command.
You swap places.
The flying skull misses you.
The spectral wolf spider hits your wight!
The spectral wolf spider bites your wight but does no damage.
The flayed ghost hits your wight!
Your wight is destroyed!
Something hits you!!
You die...

...#.# #.)...'...........#...##..
^..#.####)''##...........#...##..
''##.#...................#...####
.....'...................#...#
.....'....z............[.'...#
.....'......z>..W........'...####
##...#.....z..[ZW.....)..'.......
#...#........Z.z........#...)...
#...#........M.L........#.......
######........ZW.V......)'...####
8.8}.#.........V.........#...# #.
[??.##...................#...###.
.WWWW#..........V........'.....'.
.z{W##.........#.........#.....'.
WWLWW##.......############.....'.
+++########'''# ##...##.
..............# #...###


You could see a flayed ghost (summoned), a spectral anaconda (summoned), a
spectral wolf spider (summoned), a wraith (summoned), a flying skull (summoned),
a mummy (summoned), a dire elephant simulacrum (summoned), 2 friendly jiangshi,
a friendly vampire mage (summoned), a friendly wraith (summoned) and 3 friendly
wights.

Vanquished Creatures
  Bai Suzhen (Snake:4)
  Frederick (Vaults:3)
  Margery (Vaults:3)
  Vashnia (Snake:4)
  A lich (Vaults:3)
  3 deep elf blademasters (Elf:3)
  A titan (Vaults:4)
  4 deep elf master archers (Elf:3)
  A sphinx (Vaults:2)
  2 ancient champions
  A storm dragon (Vaults:3)
  Kirke (Snake:1)
  Frances (Swamp:2)
  Gastronok (D:12)
  2 thorn hunters (Swamp:3)
  A tentacled starspawn (Abyss:2)
  A revenant (Crypt:1)
  7 nagarajas
  A daeva (Abyss:2)
  2 fire giants
  A frost giant (Vaults:3)
  5 deep elf sorcerers (Elf:3)
  Aizul (Snake:3)
  A cacodemon (Abyss:2)
  5 ghouls
  7 curse skulls
  9 vault wardens
  An orc warlord (Orc:1)
  5 deep elf elementalists (Elf:3)
  10 ironheart preservers
  2 very ugly things (Vaults:4)
  A juggernaut skeleton (Crypt:2)
  2 reapers (Crypt:2)
  2 entropy weavers
  2 stone giants
  2 deep elf demonologists (Elf:3)
  3 vampire knights
  10 deep elf annihilators
  9 deep elf death magi
  An eidolon (Crypt:1)
  2 ettins (Vaults:4)
  3 crystal guardians
  2 deep elf high priests (Elf:3)
  Josephine (Orc:1)
  5 jiangshi (Crypt:1)
  5 great orbs of eyes
  11 ogre magi
  19 hydras
  10 vault guards
  7 yaktaur captains
  4 fire dragons
  A rakshasa (Abyss:2)
  11 naga warriors
  6 ice dragons
  2 shambling mangroves
  A ghost crab (Swamp:3)
  3 centaur warriors
  16 anacondas
  5 death knights
  11 dancing weapons
  11 alligators
  32 two-headed ogres
  5 death yaks (D:10)
  A deep troll shaman (Vaults:4)
  2 vampire magi (Crypt:1)
  2 deep troll earth magi
  2 thrashing horrors (Abyss:2)
  7 shock serpents
  11 naga sharpshooters
  A wretched star (Abyss:2)
  21 skeletal warriors
  A titan skeleton (Abyss:2)
  A shadow wraith (Vaults:1)
  11 deep elf knights
  8 salamander mystics (Snake:4)
  A storm dragon skeleton (Crypt:1)
  A fire crab (Lair:5)
  11 hell knights
  A soul eater (Crypt:2)
  A wizard (D:14)
  A deep troll (shapeshifter) (Vaults:1)
  12 swamp dragons
  15 deep trolls
  A flayed ghost (Vaults:2)
  3 unseen horrors
  A spriggan druid (Swamp:4)
  A glowing orange brain (Vaults:3)
  6 naga ritualists
  5 ironbrand convokers
  8 lindwurms
  7 phantasmal warriors
  14 orc knights
  An iron dragon zombie (Crypt:1)
  3 wolf spiders
  7 necromancers
  5 deep elf archers
  29 ugly things
  A sphinx skeleton (Crypt:1)
  12 mana vipers
  4 orc sorcerers
  2 sphinx zombies (Crypt:1)
  31 deep elf magi
  12 cyclopes
  14 salamanders
  A worldbinder (Abyss:2)
  5 starcursed masses (Abyss:2)
  43 black mambas
  3 elephants (Lair:3)
  2 molten gargoyles (Lair:6)
  13 vault sentinels
  Joseph (D:7)
  21 naga magi
  10 guardian serpents
  A rust devil (Abyss:2)
  An eye of devastation (Vaults:4)
  2 gargoyles
  13 spiny frogs
  A kobold demonologist (Orc:1)
  35 yaktaurs
  2 ancient zymes (Abyss:2)
  A demonic crawler (Abyss:2)
  An efreet (Abyss:2)
  10 freezing wraiths
  4 komodo dragons (Lair:6)
  2 rime drakes
  6 meliai
  A queen bee (Lair:4)
  19 trolls
  2 jumping spiders (Vaults:3)
  2 trolls (shapeshifter)
  10 tyrant leeches
  6 polar bears
  16 blink frogs
  7 hornets
  8 bog bodies
  An ettin zombie (Abyss:2)
  5 raiju (Abyss:2)
  6 dream sheep (Lair:6)
  30 slime creatures
  8 hippogriffs
  A fire dragon zombie (Crypt:1)
  4 shadows
  8 small abominations (Abyss:2)
  11 flying skulls
  2 centaur simulacra (D:11)
  A guardian serpent skeleton (Crypt:1)
  4 redbacks
  5 spriggans
  Sigmund (D:4)
  3 vampires
  A human (shapeshifter) (D:14)
  2 tarantellas (shapeshifter)
  A yak (shapeshifter) (D:8)
  3 fire bats (Abyss:2)
  A fire elemental (Elf:3)
  10 wraiths
  8 wyverns
  A black mamba skeleton (Crypt:1)
  6 large abominations
  4 hogs (Snake:1)
  20 humans (D:14)
  2 water elementals
  4 basilisks
  A chaos spawn (Abyss:2)
  A neqoxec (Abyss:2)
  5 hungry ghosts
  A yaktaur simulacrum (Vaults:3)
  A hog (shapeshifter) (D:15)
  2 steam dragons (Lair:6)
  15 vampire mosquitoes
  52 yaks
  3 insubstantial wisps (Swamp:3)
  A merfolk zombie (Crypt:1)
  10 wargs
  38 nagas
  A soldier ant (D:11)
  17 swamp worms
  Duvessa (D:4)
  An acid dragon (Vaults:2)
  13 water moccasins
  15 porcupines
  5 hell hounds (Lair:6)
  35 orc warriors
  9 swamp drakes
  A sky beast (D:8)
  An eye of draining (D:13)
  2 phantoms
  2 black bears
  4 necrophages
  An ice beast (D:8)
  41 ogres
  12 centaurs
  17 wolves
  A blink frog skeleton (Crypt:1)
  18 big kobolds
  9 crocodiles
  19 bullfrogs
  5 elf zombies (Elf:1)
  3 earth elementals
  Dowan (D:4)
  A spiny frog simulacrum (Crypt:2)
  A wyvern skeleton (D:11)
  A deep troll simulacrum (Vaults:1)
  4 scorpions
  2 wights (Crypt:2)
  15 killer bees
  3 electric eels
  4 howler monkeys
  6 crimson imps
  A troll skeleton (Crypt:2)
  6 lava snakes
  2 bullfrog zombies
  3 hounds (D:8)
  3 quasits
  2 centaur zombies
  3 centaur skeletons
  5 jellies
  18 orc priests
  24 orc wizards
  A bullfrog skeleton (D:8)
  A human skeleton (Crypt:2)
  4 iguanas
  14 worker ants
  An ogre zombie (Crypt:1)
  A naga skeleton (Abyss:2)
  A hound zombie (D:5)
  5 mummies (Ossuary)
  A hound skeleton (D:2)
  Robin (D:3)
  A howler monkey zombie (D:8)
  6 gnolls (D:5)
  10 adders
  5 shadow imps
  4 white imps
  3 ufetubi (D:11)
  18 oozes
  An iguana zombie (Crypt:2)
  2 adder skeletons (D:7)
  An iguana skeleton (Crypt:1)
  4 worms
  6 dart slugs
  5 leopard geckos
  87 orcs
  2 ball pythons
  5 bats
  A giant cockroach (D:7)
  A gnoll zombie (Ossuary)
  13 goblins
  13 hobgoblins
  2 jackals (D:1)
  5 quokkas
  8 frilled lizards
  A jackal skeleton (D:5)
  20 kobolds
  3 kobold zombies (Ossuary)
  2 leopard gecko skeletons
  A leopard gecko zombie (D:6)
  An orc skeleton (Crypt:1)
  An orc zombie (Ossuary)
  2 quokka skeletons
  A quokka zombie (D:9)
  12 rats
  2 briar patches (Swamp:3)
  A butterfly (Lair:5)
  4 crawling corpses (Elf:3)
  A starspawn tentacle (Abyss:2)
1719 creatures vanquished.

Vanquished Creatures (collateral kills)
  A deep elf sorcerer (Elf:3)
  A deep elf high priest (Elf:3)
  A death yak (D:10)
  3 ugly things (Vaults:2)
  A troll (Orc:2)
  2 yaks (D:10)
  An ogre (Orc:2)
  A crocodile (Lair:5)
  2 wights (Crypt:2)
  A howler monkey (D:2)
  A bullfrog simulacrum (D:11)
  3 mummies (Ossuary)
  A hobgoblin zombie (Ossuary)
  A kobold zombie (Ossuary)
  An orc skeleton (Crypt:1)
  An orc zombie (Ossuary)
22 creatures vanquished.

Vanquished Creatures (others)
  Nikola (Swamp:3)
  2 deep elf knights (Vaults:3)
  A tyrant leech (Swamp:3)
  A neqoxec (Abyss:2)
  A naga (Snake:4)
  An ogre (Vaults:2)
  5 briar patches (Swamp:3)
  13 fungi
  6 plants
  A starspawn tentacle (Abyss:2)
32 creatures vanquished.

Grand Total: 1773 creatures vanquished

Notes
Turn   | Place    | Note
-------+----------+-------------------------------------------
     0 | D:1      | Morbidden the Draconian Transmuter began the quest for the
                  | Orb.
     0 | D:1      | Reached XP level 1. HP: 16/16 MP: 3/3
   264 | D:1      | Reached XP level 2. HP: 21/23 MP: 3/5
   723 | D:1      | Found a glowing golden altar of the Shining One.
   791 | D:2      | Reached XP level 3. HP: 23/29 MP: 6/6
   800 | D:2      | Learned a level 2 spell: Sticks to Snakes
   804 | D:2      | Learned a level 3 spell: Spider Form
   903 | D:2      | Found a stormy altar of Qazlal.
  1376 | D:2      | Reached XP level 4. HP: 36/36 MP: 5/7
  1552 | D:2      | You fall into a shaft and drop 2 floors!
  1667 | D:4      | Noticed a phantom
  1754 | D:4      | Found a sand-covered staircase.
  1759 | Ossuary  | Entered an ossuary
  1834 | Ossuary  | Reached XP level 5. HP: 23/42 MP: 0/8
  2109 | Ossuary  | Reached skill level 1 in Poison Magic
  2640 | D:4      | HP: 1/42 [phantom (10)]
  2670 | D:4      | Killed a phantom
  2670 | D:4      | Reached XP level 6. HP: 17/50 MP: 2/11
  2918 | D:4      | Noticed Duvessa
  2918 | D:4      | Noticed Dowan
  2951 | D:4      | Killed Duvessa
  2966 | D:4      | Killed Dowan
  3122 | D:4      | Found a white marble altar of Elyvilon.
  3190 | D:4      | Noticed Sigmund
  3199 | D:4      | Killed Sigmund
  3199 | D:4      | Your scales start taking on a glossy black colour.
  3199 | D:4      | Reached XP level 7. HP: 49/57 MP: 9/12
  3199 | D:4      | Gained mutation: You are resistant to electric shocks.
                  | (rElec) [Black Draconian growth]
  3352 | D:4      | Found a runed translucent door.
  3353 | D:4      | Noticed Crazy Yiuf
  3479 | D:4      | Found a hide-covered altar of Uskayaw.
  3677 | D:4      | Noticed a moth of wrath
  3680 | D:4      | Found a bloodstained altar of Trog.
  3892 | D:3      | Noticed Robin
  3927 | D:3      | Killed Robin
  4067 | D:3      | Reached skill level 1 in Stealth
  4236 | D:3      | Found a snail-covered altar of Cheibriados.
  4272 | D:3      | Became a worshipper of Cheibriados the Contemplative
  5166 | D:2      | Found a hazy altar of Hepliaklqana.
  5168 | D:2      | Found a shimmering altar of Xom.
  5168 | D:2      | Found a glowing golden altar of the Shining One.
  5170 | D:2      | Found a glowing silver altar of Zin.
  5170 | D:2      | Found a burning altar of Makhleb.
  5170 | D:2      | Found a glowing golden altar of the Shining One.
  5282 | D:5      | Entered Level 5 of the Dungeon
  5345 | D:5      | Reached * piety under Cheibriados
  5569 | D:5      | Reached skill level 1 in Invocations
  6104 | D:5      | Reached XP level 8. HP: 56/66 MP: 14/14
  6518 | D:6      | Found a glowing golden altar of the Shining One.
  6626 | D:6      | Noticed a gargoyle
  6793 | D:6      | Found a sacrificial altar of Ru.
  6905 | D:6      | Found a staircase to the Ecumenical Temple.
  6948 | D:6      | Reached skill level 5 in Unarmed Combat
  6949 | D:6      | Found Heicza's Assorted Antiques.
  6965 | D:6      | Bought a copper ring for 115 gold pieces
  7153 | D:6      | Reached ** piety under Cheibriados
  7275 | D:6      | Found Sacrimpi's Weapon Emporium.
  7961 | D:7      | Noticed Joseph
  7980 | D:7      | Killed Joseph
  7980 | D:7      | Reached skill level 5 in Transmutations
  8159 | D:7      | Found a shimmering blue altar of Sif Muna.
  8169 | D:7      | Found an ancient bone altar of Kikubaaqudgha.
  8256 | D:7      | Found a radiant altar of Vehumet.
  8432 | D:7      | Reached skill level 5 in Fighting
  8438 | D:7      | Reached XP level 9. HP: 53/74 MP: 13/16
  8742 | D:7      | Found a basalt altar of Yredelemnul.
  8742 | D:7      | Found a burning altar of Makhleb.
  8749 | D:7      | Reached *** piety under Cheibriados
  8794 | D:7      | Reached skill level 5 in Spellcasting
  8909 | D:7      | Found an opulent altar of Gozag.
  9696 | D:8      | Noticed a troll
  9933 | D:8      | Learned a level 5 spell: Blade Hands
 10040 | D:8      | Reached skill level 5 in Dodging
 10086 | D:8      | Reached **** piety under Cheibriados
 10248 | D:8      | Noticed a white ugly thing
 10249 | D:8      | Noticed an orb spider
 10251 | D:8      | Killed a white ugly thing
 10262 | D:8      | Reached XP level 10. HP: 27/83 MP: 14/18
 10540 | D:8      | Got a crude kite shield
 10541 | D:8      | Identified the cursed -4 kite shield of the Mantidfly
                  | {rElec Dex+2 SInv} (You found it on level 8 of the Dungeon)
 11084 | D:8      | Found a shadowy altar of Dithmenos.
 11183 | D:8      | Learned a level 4 spell: Ice Form
 11512 | D:9      | Reached ***** piety under Cheibriados
 11809 | D:9      | Reached skill level 5 in Invocations
 12227 | D:10     | Entered Level 10 of the Dungeon
 12270 | D:10     | Noticed a death yak
 12276 | D:10     | Noticed a death yak
 12798 | D:10     | Found Myxzosau's Jewellery Shop.
 12811 | D:10     | Bought an uncursed amulet of guardian spirit for 360 gold
                  | pieces
 13102 | D:10     | Found the +3 hat of Pondering {ponderous, MR+ MP+10 Int+5}
 13226 | D:10     | Found a staircase to the Lair.
 13440 | D:11     | Noticed a two-headed ogre
 13453 | D:11     | Killed a two-headed ogre
 13494 | D:11     | Reached XP level 11. HP: 91/91 MP: 21/21
 14371 | D:10     | Bought the ring of Shadows {Umbra +Inv Stlth+} for 480 gold
                  | pieces
 14371 | D:10     | Found the ring of Shadows {Umbra +Inv Stlth+}
 14467 | D:10     | Noticed a death yak
 14469 | D:10     | Found a portal to a secret trove of treasure.
 14511 | D:10     | Noticed a death yak
 14513 | D:10     | Noticed a death yak
 14513 | D:10     | Noticed a death yak
 14520 | D:10     | Killed a death yak
 14527 | D:10     | Killed a death yak
 14875 | D:10     | Killed a death yak
 15039 | D:10     | Killed a death yak
 15043 | D:10     | Killed a death yak
 15045 | D:10     | Reached skill level 1 in Throwing
 15048 | D:10     | Killed a death yak
 15307 | Lair:1   | Entered Level 1 of the Lair of Beasts
 15472 | Lair:1   | Reached XP level 12. HP: 88/101 MP: 24/24
 16364 | Lair:2   | Found a staircase to the Snake Pit.
 16472 | Lair:2   | Reached ****** piety under Cheibriados
 16595 | Lair:2   | Noticed a seven-headed hydra
 16606 | Lair:2   | Killed a seven-headed hydra
 17295 | Lair:3   | Reached skill level 1 in Evocations
 17307 | Lair:3   | Noticed a four-headed hydra
 17313 | Lair:3   | Killed a five-headed hydra
 18184 | Lair:3   | Found a staircase to the Swamp.
 18425 | Lair:4   | Reached XP level 13. HP: 98/111 MP: 26/26
 18844 | Lair:4   | Learned a level 6 spell: Statue Form
 19220 | Lair:4   | Reached skill level 10 in Transmutations
 19516 | Lair:4   | Found a shimmering blue altar of Sif Muna.
 19644 | Lair:4   | Reached skill level 5 in Stealth
 20159 | Lair:5   | Reached skill level 1 in Earth Magic
 21433 | Lair:6   | Entered Level 6 of the Lair of Beasts
 21778 | Lair:6   | Reached skill level 10 in Unarmed Combat
 22034 | Lair:6   | Reached skill level 10 in Spellcasting
 23455 | Lair:6   | Gained mutation: Your large and strong wings let you fly
                  | indefinitely. [Black Draconian growth]
 23455 | Lair:6   | Reached XP level 14. HP: 84/119 MP: 28/28
 23821 | Lair:6   | Found a large runed translucent door.
 23821 | Lair:6   | Found a large runed translucent door.
 25178 | D:12     | Noticed Gastronok
 25223 | D:12     | Killed Gastronok
 25223 | D:12     | Reached skill level 10 in Fighting
 25464 | D:12     | Found a staircase to the Orcish Mines.
 26168 | D:13     | Found a glowing golden altar of the Shining One.
 26491 | D:13     | Found Gourri Goa's Book Emporium.
 27686 | D:14     | Reached skill level 10 in Invocations
 27802 | D:14     | Found a gate to the Vaults.
 28164 | D:15     | Entered Level 15 of the Dungeon
 28174 | D:15     | Found Guamal's Assorted Antiques.
 28751 | D:15     | Found Aptyuja Amyl's Gadget Shoppe.
 28795 | D:15     | Reached XP level 15. HP: 128/128 MP: 29/29
 29262 | D:15     | Found Jyrig's Food Shop.
 29565 | D:15     | Found Nimautua's Book Shop.
 29781 | D:15     | Reached skill level 10 in Dodging
 29816 | D:15     | Found a staircase to the Depths.
 29910 | Orc:1    | Entered Level 1 of the Orcish Mines
 30026 | Orc:1    | You fall into a shaft and drop 1 floor!
 30026 | Orc:2    | Entered Level 2 of the Orcish Mines
 30026 | Orc:2    | Found a staircase to the Elven Halls.
 30248 | Orc:1    | Noticed an orc warlord
 30267 | Orc:1    | Killed an orc warlord
 30581 | Orc:1    | Noticed Josephine
 30587 | Orc:1    | Killed Josephine
 30790 | Orc:2    | Found a roughly hewn altar of Beogh.
 30891 | Orc:2    | Found a shimmering blue altar of Sif Muna.
 30907 | Orc:2    | Identified Sif Muna's Papyrus of Good Luck
 30948 | Orc:2    | Found Mipogi's Distillery.
 31133 | Orc:2    | Learned a level 1 spell: Infusion
 31172 | Orc:2    | Paralysed by an orc sorcerer for 4 turns
 31372 | Orc:2    | Found Vittahixif's Book Emporium.
 31373 | Orc:2    | Found Akuawoh's Distillery.
 31375 | Orc:2    | Bought a potion of heal wounds for 60 gold pieces
 31375 | Orc:2    | Bought a potion of curing for 36 gold pieces
 31375 | Orc:2    | Bought a potion of curing for 36 gold pieces
 31375 | Orc:2    | Bought a potion of mutation for 96 gold pieces
 31375 | Orc:2    | Bought a potion of curing for 36 gold pieces
 31375 | Orc:2    | Bought a potion of curing for 36 gold pieces
 31383 | Orc:2    | Found Ulomm's Book Emporium.
 31386 | Orc:2    | Bought a potion of heal wounds for 65 gold pieces
 31386 | Orc:2    | Bought a potion of heal wounds for 65 gold pieces
 31386 | Orc:2    | Bought a potion of resistance for 130 gold pieces
 31391 | Orc:2    | Bought a book of Air for 560 gold pieces
 31396 | Orc:2    | Learned a level 4 spell: Airstrike
 31760 | Swamp:1  | Entered Level 1 of the Swamp
 31843 | Swamp:1  | Reached skill level 5 in Earth Magic
 32014 | Swamp:1  | Reached skill level 1 in Air Magic
 32353 | Swamp:1  | Identified the amulet of Jukhlaho {Reflect rPois SH+5} (You
                  | found it on level 1 of the Swamp)
 33039 | Swamp:2  | Reached XP level 16. HP: 137/137 MP: 31/31
 33335 | Swamp:2  | Noticed Frances
 33341 | Swamp:2  | Killed Frances
 33392 | Swamp:2  | Noticed Jorgrun
 34399 | Swamp:3  | Noticed a thorn hunter
 34402 | Swamp:3  | Noticed Nikola
 34410 | Swamp:3  | Killed a thorn hunter
 34414 | Swamp:3  | Killed Nikola
 35100 | Swamp:4  | Entered Level 4 of the Swamp
 35394 | Swamp:4  | Noticed a thorn hunter
 35407 | Swamp:3  | Killed a thorn hunter
 35711 | Swamp:4  | Reached skill level 5 in Air Magic
 36177 | Swamp:4  | Got a decaying rune of Zot
 36676 | Snake:1  | Entered Level 1 of the Snake Pit
 36841 | Snake:1  | Noticed Kirke
 36852 | Snake:1  | Killed Kirke
 37112 | Snake:1  | Reached XP level 17. HP: 137/146 MP: 33/33
 37311 | Snake:1  | You are sucked into a shaft and drop 1 floor!
 37451 | Snake:2  | Found Boamome's Antique Armour Shoppe.
 37464 | Snake:2  | Found Gaudaox's Antique Armour Emporium.
 37529 | Snake:2  | Bought a pair of embroidered gloves for 270 gold pieces
 39150 | Snake:3  | Identified 2 scrolls of acquirement
 39150 | Snake:3  | Acquired 1500 gold pieces
 39152 | Snake:3  | Acquired 1740 gold pieces
 39560 | Snake:3  | Noticed Aizul
 39581 | Snake:3  | Killed Aizul
 40820 | Snake:4  | Entered Level 4 of the Snake Pit
 41076 | Snake:4  | Noticed Bai Suzhen
 41098 | Snake:4  | Killed Bai Suzhen
 41793 | Snake:4  | Noticed Vashnia
 42197 | Snake:4  | Killed Vashnia
 42354 | Snake:4  | Reached XP level 18. HP: 125/156 MP: 34/34
 43873 | Snake:4  | Got a serpentine rune of Zot
 44252 | Vaults:1 | Entered Level 1 of the Vaults
 45736 | Vaults:1 | Reached XP level 19. HP: 163/163 MP: 34/36
 47064 | Vaults:2 | Reached skill level 1 in Ice Magic
 48053 | Vaults:3 | Found Yrutsuah's Antique Weapon Boutique.
 48053 | Vaults:3 | Noticed Frederick
 48053 | Vaults:3 | Noticed Margery
 48151 | Vaults:3 | Killed Frederick
 48184 | Vaults:3 | Killed Margery
 48385 | Vaults:3 | Found a staircase to the Crypt.
 48740 | D:10     | You paid a toll of a +4 demon trident to enter a treasure
                  | trove
 48741 | Trove    | Entered a treasure trove
 48762 | Trove    | Learned a level 7 spell: Dragon Form
 48776 | Trove    | Identified Sif Muna's Handbook of Evil and Dislocation
 48798 | Trove    | Identified Ezurghen's Compendium of Boosting Transmigration
 48845 | D:10     | Learned a level 8 spell: Necromutation
 49024 | Vaults:3 | Found Kiallui's Jewellery Shop.
 49066 | Vaults:3 | Reached skill level 1 in Necromancy
 49319 | Vaults:3 | Reached skill level 15 in Unarmed Combat
 49329 | Vaults:3 | Reached XP level 20. HP: 174/174 MP: 35/37
 49714 | Vaults:3 | Found Tuwn's Armour Boutique.
 49719 | Vaults:3 | Bought the +3 pair of gauntlets of War {Slay+5} for 617
                  | gold pieces
 49719 | Vaults:3 | Found the +3 pair of gauntlets of War {Slay+5}
 52091 | Vaults:4 | Reached skill level 15 in Dodging
 52696 | Vaults:4 | HP: 8/176 [titan/the air (16)]
 53426 | Elf:1    | Entered Level 1 of the Elven Halls
 53941 | Elf:1    | You fall into a shaft and drop 1 floor!
 53941 | Elf:2    | Found Yraex's Armour Shoppe.
 54191 | Elf:2    | Found a runed translucent gate.
 54191 | Elf:2    | Found a runed translucent gate.
 54201 | Elf:2    | Found a runed translucent gate.
 54484 | Elf:1    | Reached XP level 21. HP: 182/182 MP: 39/39
 54515 | Elf:1    | Found Laguusau's Food Emporium.
 54896 | Elf:1    | Identified the Incunabulum of Stolen Souls
 54981 | Elf:3    | Entered Level 3 of the Elven Halls
 55270 | Elf:3    | Reached skill level 5 in Necromancy
 55304 | Elf:3    | Found Vin Weawunn's Food Emporium.
 55428 | Elf:3    | Reached skill level 15 in Transmutations
 55463 | Elf:3    | Cast into level 2 of the Abyss (a deep elf sorcerer)
 55463 | Abyss:2  | Found a corrupted altar of Lugonu.
 55755 | Abyss:2  | Gained mutation: Your body sometimes deteriorates upon
                  | taking damage. [a cacodemon]
 55793 | Abyss:2  | Reached skill level 15 in Fighting
 56000 | Elf:3    | Escaped the Abyss
 56241 | Elf:3    | HP: 2/239 [deep elf high priest/damnation (29)]
 56993 | Elf:3    | Identified the ring of Dim Light {+Inv rN+ Str-2 Dex+3
                  | SInv}
 57078 | Elf:3    | Identified the Papyrus of Flight and Ice
 57095 | Elf:3    | Identified Miaragan's Reference Book on Changing and Flames
 57099 | Elf:3    | Got a brightly glowing wooden ring
 57100 | Elf:3    | Identified the ring "Niggoj" {MR- Str+6 Dex+2 SInv} (You
                  | found it on level 3 of the Elven Halls)
 57102 | Elf:3    | Identified the Grimoire of Confrontation and Boosts
 57592 | Crypt:1  | Entered Level 1 of the Crypt
 58081 | Crypt:1  | Found a runed translucent gate.
 58098 | Crypt:1  | Found a runed translucent gate.
 58098 | Crypt:1  | Found a runed translucent gate.
 58100 | Crypt:1  | Noticed Oppueck's ghost (veteran MiGl)
 58764 | Crypt:1  | Found the +7 Kryia's mail coat {PotionHeal*2 rC+}
 59023 | Crypt:1  | Reached skill level 10 in Air Magic
 59028 | Crypt:1  | Reached XP level 22. HP: 192/192 MP: 9/40
 59533 | Crypt:2  | Noticed Saint Roka
 59853 | Crypt:2  | Reached skill level 15 in Spellcasting
 60432 | Crypt:1  | Slain by a vampire knight

Illustrated notes

Levels and vault maps discovered:
D:1:      dpeg_arrival_water_altar, layout_rooms
D:2:      layout_basic, marbit_many_paths, doesnt_xom_only_xom, minmay_unequal
D:3:      layout_basic, cheibriados_altar_1, uniq_robin
D:4:      layout_basic, lemuel_round_altar, tgw_trog, first_ration,
          enter_ossuary_5, elyvilon_altar_5, uniq_sigmund, uniq_duvessa,
          uniq_crazy_yiuf_cottage
D:5:      layout_basic
D:6:      layout_cave_pods, nicolae_ru_awakened_eye, temple_statues,
          serial_shops, nicolae_shop_competitors_out_of_business,
          nicolae_shop_overgrown_old_shop, tso_metal_star
D:7:      layout_basic, palyth_temple_overflow_mages,
          nicolae_gozag_cash_rules_everything_around_me,
          gammafunk_temple_overflow_elements, uniq_joseph
D:8:      minmay_the_grid_octo_triangle [minmay_the_grid_octo_toaster,
          minmay_the_grid_octo_prize_star, minmay_the_grid_octo_horde],
          layout_gridville, lemuel_coloured_pillars_altar
D:9:      layout_gridville
D:10:     layout_irregular_city, dpeg_lair_monsters, serial_shops,
          kennysheep_mini_moat, enter_trove_0
D:11:     layout_roguey, serial_ice, serial_ice_g, serial_ice_k, serial_ice_m,
          serial_ice_b
D:12:     layout_cave_pods, orc_0_dummy, uniq_gastronok
D:13:     layout_cave_pools, basic_altar, serial_shops,
          nicolae_shop_window_shopping, the_bakery, lemuel_flame_loot_1
D:14:     layout_basic, grunt_vaults_entry_tiered, serial_park_tiny_pond
D:15:     grunt_enter_depths_hoard, layout_cave_pods, serial_park_tiny_pond,
          serial_shops, shop_fountains, nicolae_shop_statue_plus, shop,
          nicolae_shop_statue_plus, hangedman_decor_growths
Lair:1:   layout_cave_pods, chequers_serial_rivers_small_a,
          nicolae_quartered_pool_little
Lair:2:   layout_roguey, guppyfry_snake_entry_island
Lair:3:   layout_gridlike, minmay_swamp_entry_worms
Lair:4:   lemuel_slime, layout_cave_pods, basic_altar, special_room
          [special_room_bee]
Lair:5:   layout_loops_ring, grunt_megastairs_3, lemuel_fruit_fields
Lair:6:   cheibrodos_lair_end_hotspot, layout_regular_city,
          minmay_slime_entry_oklob_enclosed
Swamp:1:  layout_falls_marsh, hangedman_swamp_ruin_wall
Swamp:2:  layout_basic_swamp, evilmike_swamp_ruin_rubble_1, uniq_jorgrun,
          uniq_frances
Swamp:3:  layout_basic_swamp, evilmike_swamp_ruin_house_5, uniq_nikola
Swamp:4:  swamp_alternative, layout_basic_swamp
Snake:1:  layout_onion, grunt_ministairs_8, grunt_megastairs_1,
          serial_bayou_shore_a, uniq_kirke
Snake:2:  layout_layer_cave, minmay_shoptagon
Snake:3:  layout_gridlike, uniq_aizul
Snake:4:  snake_pit_salamanders_mu, layout_cave_town, grunt_ministairs_14,
          uniq_vashnia, uniq_bai_suzhen
Orc:1:    layout_caves, special_room [special_room_kobold], uniq_josephine
Orc:2:    st_orc_open, layout_diamond_mine, basic_altar, led_sif_book
Elf:1:    layout_loops_corners, serial_shops, shop, minmay_elf_necromancy
Elf:2:    layout_geoelf_diagonals, serial_shops, shop_statue
Elf:3:    minmay_elf_hall_statues, layout_rooms, serial_shops,
          nicolae_shop_crystal
Vaults:1: hangedman_vaults_stretched_pinwheel, hangedman_vaults_slither,
          v_alt_pattern_5, ontoclasm_vaults_idyll, v_misc_8,
          nicolae_vaults_quadrants, vaults_mumra_hexcomb, v_pattern_3,
          nicolae_vaults_ninety_degrees, grunt_vaults_hallway_short,
          ontoclasm_vaults_chip, vaults_dpeg_cross, nicolae_vaults_rhombus_6,
          layout_vaults_ring
Vaults:2: v_misc_1, grunt_vaults_hallway_long, hangedman_vaults_capsules,
          ontoclasm_vaults_pinch, v_alt_pattern_4, v_misc_28,
          vaults_room_corners, grunt_vaults_funnel, grunt_vaults_hallway_short,
          vaults_mumra_chevron, nicolae_vaults_little_squares_1,
          vaults_room_semicircle, layout_vaults_quadrants
Vaults:3: grunt_vaults_trifunnel, v_pattern_5, ontoclasm_vaults_ring_square,
          grunt_vaults_swirl, v_misc_16, vaults_dpeg_diagonal,
          vaults_room_octagon, hangedman_vaults_unwind, vaults_room_door_hall,
          hangedman_vaults_corner_blocks, ontoclasm_vaults_hangar,
          nicolae_vaults_fighting_squares, hangedman_vaults_stretched_pinwheel,
          v_misc_18, nicolae_vaults_shelves_hall, layout_vaults_maze_bifur,
          minmay_crypt_entry_simple_walls, serial_shops, shop, shop, shop,
          uniq_frederick, uniq_margery
Vaults:4: v_misc_29, st_greater_box_3, vaults_room_door_ring, v_pattern_1,
          hangedman_vaults_corner, v_misc_33, ontoclasm_vaults_ligature,
          vaults_room_hallway, hangedman_vaults_corner_blocks,
          grunt_vaults_hallway_short, v_misc_26, nicolae_vaults_border_crossing,
          layout_vaults_big_cross
Crypt:1:  layout_gridlike, gammafunk_ghost_spectres
Crypt:2:  gammafunk_sealed_arena, layout_basic, uniq_saint_roka

Skill      XL: |  1  2  3  4  5  6  7  8  9 10 11 12 13 14 15 16 17 18 19 20 21 22 |
---------------+-------------------------------------------------------------------+-----
Dodging        | 2 3 4 5 6 7 8 9 11 12 13 14 15 16 | 16.1
Fighting       | 2 3 4 5 6 8 9 10 11 12 13 14 15 | 15.5
Poison Magic   | 1 2 3 |  3.0
Spellcasting   | 3 4 5 7 8 9 10 11 12 13 14 15 | 15.0
Transmutations | 3 4 5 6 7 8 9 10 11 12 13 14 15 | 15.5
Unarmed Combat | 4 6 7 8 9 10 11 12 13 14 15 16 | 16.5
Stealth        | 1 2 3 4 5 6 7 |  7.0
Invocations    | 1 3 4 5 6 8 9 10 11 12 13 | 13.0
Throwing       | 1 2 3 |  3.1
Evocations     | 1 2 |  2.6
Earth Magic    | 2 4 5 6 7 |  7.9
Air Magic      | 2 5 7 8 10 | 10.5
Ice Magic      | 1 |  1.0
Necromancy     | 1 4 6 |  6.8
Charms         | |  0.6

Action                   |  1- 3 |  4- 6 |  7- 9 | 10-12 | 13-15 | 16-18 | 19-21 | 22-24 || total
-------------------------+-------+-------+-------+-------+-------+-------+-------+-------++-------
Melee: Unarmed           |    90 |   139 |   488 |   380 |   899 |   915 |  1002 |    76 ||  3989
       Tailslap          |     8 |     8 |    55 |    53 |   182 |   219 |   227 |    20 ||   772
       Kick              |     4 |     4 |       |       |       |       |       |       ||     8
       Headbutt          |     3 |    15 |    22 |     5 |       |       |       |       ||    45
       Punch             |       |     2 |    12 |    16 |    75 |    92 |   119 |     7 ||   323
       Bite              |       |       |       |       |       |       |    21 |     2 ||    23
Throw: Boomerang         |       |       |     1 |    17 |    24 |    24 |    50 |       ||   116
 Cast: Beastly Appendage |    12 |    19 |    17 |    10 |       |       |       |       ||    58
       Sticks to Snakes  |     1 |    18 |    10 |     9 |     9 |     6 |     9 |     2 ||    64
       Spider Form       |       |     5 |    19 |    10 |     3 |     2 |     2 |       ||    41
       Blade Hands       |       |       |     2 |    40 |    68 |     8 |     2 |       ||   120
       Ice Form          |       |       |       |     7 |     7 |       |     1 |       ||    15
       Statue Form       |       |       |       |       |    27 |    75 |    52 |     1 ||   155
       Infusion          |       |       |       |       |     5 |     2 |       |       ||     7
       Airstrike         |       |       |       |       |       |    51 |    26 |     8 ||    85
       Dragon Form       |       |       |       |       |       |       |    22 |     5 ||    27
       Necromutation     |       |       |       |       |       |       |       |     1 ||     1
Invok: Slouch            |       |       |       |     1 |     8 |     1 |     2 |     2 ||    14
       Step From Time    |       |       |       |       |       |     1 |     5 |       ||     6
 Abil: Breathe Lightning |       |       |     9 |     2 |     4 |     5 |    13 |       ||    33
       End Transformatio |       |       |     1 |       |       |     2 |       |       ||     3
       Evoke Invisibilit |       |       |       |     2 |     1 |       |       |       ||     3
       Fly               |       |       |       |       |     1 |       |     1 |       ||     2
       Stop Flying       |       |       |       |       |       |       |     1 |       ||     1
Evoke: Tin of tremorston |       |       |       |     3 |     2 |     6 |     6 |       ||    17
       Wand              |       |       |       |     2 |     4 |       |       |       ||     6
       Phial of floods   |       |       |       |       |       |       |     1 |     1 ||     2
  Use: Scroll            |       |     5 |     5 |    15 |    10 |    10 |    26 |     1 ||    72
       Potion            |       |     6 |     8 |     3 |     2 |       |    21 |     2 ||    42
 Stab: Sleeping          |       |     2 |     7 |     7 |    25 |     6 |     9 |       ||    56
       Distracted        |       |     1 |       |     4 |     1 |     1 |     5 |       ||    12
       Invisible         |       |       |       |     5 |     1 |       |       |       ||     6
       Confused          |       |       |       |       |       |     1 |       |       ||     1
  Eat: Chunk             |     2 |     3 |    24 |    21 |    24 |    17 |    23 |       ||   114
       Ration            |       |     1 |     1 |       |     4 |     4 |     3 |     1 ||    14
Armor: Skin              |    18 |    16 |    95 |    97 |   398 |   500 |   464 |    36 ||  1624
Dodge: Dodged            |    51 |    63 |   422 |   531 |  1591 |  2152 |  2035 |   147 ||  6992
